AoeStats
← Teapoo Two

Arena

509841285Analyzed
3v3 RM · 2d ago on Sep 28, 2026· 48m 6s· 6 players
Game mode
Random Map
Map size
Normal (6 player)
Population
200
Speed
Normal
Resources
Standard
Victory
Conquest
Starting age
Dark Age
Ending age
Imperial Age
RankedLock teamsTeams togetherTeam positionsShared explorationLock speedFull tech treeHidden civsTurbo modeCheats
Victory
Defeat
🇰🇷 Khmer · South Korea
1006
+13
🇨🇳 Teutons · China
982
+14
🇵🇱 Byzantines · Poland
980
+14
🇦🇺 Malians · Australia
961
-15
🇦🇺 Bohemians · Australia
961
-15
🇦🇺 Khmer · Australia
869
-11
arga58
11:47 Feudal Age
18:20 Castle Age
20:09 Double-Bit Axe
27:21 Imperial Age
25:36 Horse Collar
26:09 Pikeman
29:37 Chemistry
38:55 Halberdier
樱岛里有麻衣在爬
12:17 Feudal Age
15:46 Castle Age
15:57 Double-Bit Axe
15:55 Horse Collar
24:13 Stone Mining
25:49 Murder Holes
26:48 Husbandry
27:22 Bow Saw
28:02 Gold Mining
30:51 Scale Barding Armor
32:00 Forging
32:04 Bloodlines
33:37 Iron Casting
33:23 Chain Barding Armor
34:07 Stone Shaft Mining
34:07 Gold Shaft Mining
34:15 Heavy Plow
34:06 Loom
34:07 Town Watch
35:27 Ballistics
38:22 Imperial Age
36:09 Fletching
37:02 Bodkin Arrow
38:24 Wheelbarrow
38:39 Elite Battle Elephant
38:54 Elite Ballista Elephant
39:35 Double Crossbow
39:56 Conscription
40:45 Chemistry
40:51 Blast Furnace
40:28 Plate Barding Armor
39:54 Bracer
40:39 Crop Rotation
40:49 Hand Cart
43:35 Plate Barding Armor
44:01 Blast Furnace
46:17 Town Patrol
47:59 Caravan
48:02 Bracer
dragonlee66
10:25 Feudal Age
16:30 Castle Age
14:53 Double-Bit Axe
15:10 Horse Collar
18:40 Heavy Plow
20:21 Bow Saw
24:32 Gold Mining
26:49 Stone Mining
27:37 Wheelbarrow
28:40 Hand Cart
31:38 Imperial Age
30:04 Stone Shaft Mining
29:38 Squires
28:58 Pikeman
29:50 Scale Barding Armor
29:48 Scale Mail Armor
29:59 Forging
29:40 Fletching
29:51 Loom
30:06 Arson
30:18 Town Watch
32:05 Bloodlines
32:03 Cavalier
32:28 Elite Teutonic Knight
33:14 Padded Archer Armor
33:50 Iron Casting
33:32 Chain Mail Armor
33:20 Elite Skirmisher
35:34 Paladin
38:01 Blast Furnace
37:32 Plate Mail Armor
37:18 Leather Archer Armor
38:55 Conscription
38:59 Ironclad
38:41 Bodkin Arrow
38:52 Scale Barding Armor
38:25 Halberdier
40:35 Chemistry
39:41 Siege Engineers
39:58 Ballistics
39:48 Masonry
42:37 Chain Barding Armor
FilthyASS244
9:11 Feudal Age
9:37 Double-Bit Axe
9:36 Horse Collar
18:08 Castle Age
19:46 Heavy Plow
23:06 Wheelbarrow
22:50 Bow Saw
25:44 Hand Cart
29:29 Loom
38:16 Imperial Age
39:33 Elite Gbeto
40:36 Conscription
42:54 Forging
42:45 Scale Mail Armor
44:35 Iron Casting
47:03 Chain Mail Armor
Teapoo Two
12:30 Feudal Age
13:36 Double-Bit Axe
16:49 Castle Age
15:36 Horse Collar
18:24 Wheelbarrow
20:51 Gold Mining
20:52 Stone Mining
22:58 Bow Saw
26:56 Heavy Plow
29:15 Tusk Swords
29:14 Light Cavalry
30:06 Bloodlines
30:34 Husbandry
35:35 Imperial Age
36:08 Hand Cart
42:37 Hussar
46:07 Double Crossbow
46:29 Conscription
Trevzxx
10:51 Feudal Age
15:30 Castle Age
14:18 Double-Bit Axe
14:15 Horse Collar
17:14 Bow Saw
28:47 Imperial Age
26:55 Wheelbarrow
26:23 Heavy Plow
26:15 Loom
26:22 Loom
26:30 Town Watch
28:20 Hand Cart
28:43 Wagenburg Tactics
28:53 Forging
28:44 Scale Mail Armor
28:48 Padded Archer Armor
28:54 Fletching
30:02 Conscription
30:54 Chemistry
30:14 Ballistics
29:19 Pikeman
31:34 Leather Archer Armor
31:54 Iron Casting
31:35 Chain Mail Armor
32:39 Two-Man Saw
32:17 Siege Engineers
32:26 Halberdier
33:07 Squires
32:52 Arson
33:48 Houfnice
35:20 Ring Archer Armor
37:09 Bodkin Arrow
38:17 Blast Furnace
37:48 Plate Mail Armor
Connection lost

Rejoining the realm…

Still unreachable

The connection could not be restored.

Session expired

The server has moved on; the page needs a fresh start.